 Dungeon Crawl Stone Soup version 0.26-a0-969-g2c58977ddd (webtiles) character file.

Game seed: 18163925431394181079

6430 EiAlmux the Thaumaturge (level 10, -15/59 HPs)
             Began as a Deep Elf Conjurer on Dec 4, 2020.
             Was a Priest of Qazlal.
             Demolished by a boulder beetle (41 damage)
             ... on level 10 of the Dungeon.
             The game lasted 00:58:52 (11724 turns).

EiAlmux the Thaumaturge (Deep Elf Conjurer)        Turns: 11724, Time: 00:58:52

Health: -15/59     AC:  7    Str:  5    XL:     10   Next: 67%
Magic:  17/27      EV: 13    Int: 32    God:    Qazlal [***...]
Gold:   63         SH:  4    Dex: 13    Spells: 21/32 levels left

rFire    + . .     SeeInvis .   f - +0 short sword
rCold    + . .     Faith    .   (no shield)
rNeg     . . .     Spirit   .   z - +0 troll leather armour {Purgy}
rPois    +         Reflect  .   H - +2 helmet
rElec    .         Harm     .   I - scarf {rC+ rF+}
rCorr    .         Rampage  .   (no gloves)
MR       +....                  (no boots)
Stlth    ++........             Q - amulet of magic regeneration
HPRegen  0.59/turn              n - ring of poison resistance
MPRegen  0.45/turn              r - +6 ring of intelligence

@: no status effects
A: no striking features
a: Upheaval, Elemental Force, Renounce Religion


You were on level 10 of the Dungeon.
You worshipped Qazlal.
Qazlal was most pleased with you.
You visited 1 branch of the dungeon, and saw 10 of its levels.
You also visited: Sewer and Bailey.

You collected 420 gold pieces.
You spent 357 gold pieces at shops.

Inventory:

Hand Weapons
 f - a +0 short sword (weapon)
 w - a +2 scythe of venom
Missiles
 b - 405 stones
Armour
 a - a +0 robe
 z - a +0 troll leather armour (worn) {Purgy}
 H - a +2 helmet (worn)
 I - a scarf of resistance (worn)
 M - a +0 cloak
Magical Staves
 D - an uncursed staff of fire
 O - an uncursed staff of death
Jewellery
 e - an uncursed ring of flight
 g - an uncursed amulet of the acrobat
 n - a ring of poison resistance (left hand)
 q - an uncursed ring of positive energy
 r - a +6 ring of intelligence (right hand)
 A - an uncursed ring of wizardry
 C - a +6 ring of strength
 Q - an amulet of magic regeneration (around neck)
Wands
 J - a wand of random effects (24)
 N - a wand of iceblast (6)
 R - a wand of digging (5)
Scrolls
 c - 3 scrolls of enchant weapon
 h - 6 scrolls of teleportation
 t - 3 scrolls of fog
 u - 5 scrolls of remove curse
 x - a scroll of noise {unknown}
 y - a scroll of brand weapon {unknown}
 B - 3 scrolls of enchant armour
 E - a scroll of random uselessness {unknown}
 F - 4 scrolls of fear
 G - 2 scrolls of blinking
 K - a scroll of immolation
 L - 2 scrolls of amnesia
 P - 2 scrolls of magic mapping
Potions
 d - 4 potions of curing
 i - 9 potions of heal wounds
 j - a potion of degeneration
 k - a potion of lignification
 l - a potion of cancellation
 m - 6 potions of attraction
 o - 2 potions of might
 p - 3 potions of berserk rage
 s - 5 potions of flight
 v - 2 potions of mutation


   Skills:
 - Level 5.0 Fighting
 + Level 5.2 Dodging
 - Level 4.0 Stealth
 + Level 11.9 Spellcasting
 + Level 11.3 Conjurations
 - Level 4.0 Hexes
 - Level 2.0 Translocations
 - Level 4.0 Invocations


You had 21 spell levels left.
You knew the following spells:

 Your Spells              Type           Power        Failure   Level
a - Magic Dart            Conj           ####         1%          1
b - Searing Ray           Conj           ######       1%          2
c - Fulminant Prism       Conj/Hex       ######....   1%          4
d - Iskenderun's Mystic   Conj/Tloc      ######..     2%          4

Your spell library contained the following spells:

 Spells                   Type           Power        Failure   Level
 Apportation              Tloc           ####..       1%          1
 Corona                   Hex            #####..      1%          1
 Dazzling Flash           Conj/Hex       ######       1%          3
 Animate Skeleton         Necr           ###...       4%          1
 Summon Small Mammal      Summ           ###.         4%          1
 Summon Guardian Golem    Hex/Summ       ####....     5%          3
 Call Imp                 Summ           ###.....     6%          2
 Call Canine Familiar     Summ           ###.....     13%         3
 Summon Ice Beast         Ice/Summ       ###.....     38%         4
 Summon Lightning Spire   Summ/Air       ###.....     38%         4


Dungeon Overview and Level Annotations

Branches:
Dungeon (10/15)            Temple (0/1) D:4            Lair (0/6) D:8
  Sewer (visited)          Bailey (visited)
    Orc: D:9-12

Altars:
Ashenzari
Gozag
Hepliaklqana
Kikubaaqudgha
Nemelex Xobeh
Qazlal
Ru
Sif Muna
Uskayaw
Vehumet
Wu Jian
Xom
Yredelemnul
The Shining One

Shops:
D:8 !*?([   D:9 [

Annotations:
D:8 Mr+ boots in shop
D:9 1 runed translucent door, exclusion: door, LabCoat's ghost, novice HOFi


Message History

Ouch! That really hurt!
* * * LOW HITPOINT WARNING * * *
The boulder beetle stops rolling and uncurls.
You hear a horrible gurgling sound!
You feel much better. The boulder beetle barely misses you.
Casting: Iskenderun's Mystic Blast (dangerous; 2% risk of failure)
Confirm with . or Enter, or press ? or * to list all spells.
You erupt in a blast of force!
The mystic blast hits the boulder beetle!
The boulder beetle is lightly wounded.
The boulder beetle is knocked back by the mystic blast.
The boulder beetle bites you!
Things that are here:
a +0 dagger; a +0 leather armour of fire resistance The boulder beetle curls into a ball and begins rolling!
A boulder beetle comes into view.
The boulder beetle is engulfed in freezing vapours.
The boulder beetle hits you!!!
Ouch! That really hurt!
You die...

.....#.....# #....# #.#
}....#.....#...#....##..
.....#.....#...#....#B#
.....#.....#...#...°°!#
.....#.....#...#..○)#†#
.....#######...####°##..
......#.........#.○.# #.#
......#.........#B○.# ...
......#.........@...# ..#
......#.........#.....# ...
......#.........#...#...#.#.
#'##..#####'#######.#....
...#......#...#...#.# #.#
...#......#...'...#.. ..
...#......#...#...#...
.#'############...## ##
.#.....#...........#


You could see 2 boulder beetles.

Vanquished Creatures
  Erica (D:9)
  An orc knight (D:9)
  A troll (D:8)
  Sigmund (D:4)
  5 yaks (D:9)
  Menkaure (D:7)
  Purgy (Sewer)
  3 ice beasts
  4 orc warriors
  A sky beast (D:9)
  2 black bears
  A phantom (D:9)
  A boggart (D:10)
  3 ogres
  A centaur (D:6)
  A big kobold (D:7)
  7 bullfrogs
  4 scorpions
  12 killer bees
  4 howler monkeys
  2 jellies
  2 bullfrog zombies
  4 hounds
  2 orc priests
  3 bullfrog skeletons
  5 orc wizards
  Natasha (twice) (D:3)
  5 iguanas
  3 worker ants
  A howler monkey zombie (D:5)
  A worker ant zombie (D:4)
  9 gnolls
  17 adders
  A shadow imp (D:10)
  2 white imps
  An ufetubus (D:9)
  2 adder skeletons
  2 worms (D:3)
  6 dart slugs
  8 leopard geckos
  30 orcs
  8 giant cockroaches
  9 hobgoblins
  14 jackals
  15 kobolds
  4 quokkas
  5 bats
  4 frilled lizards
  12 goblins
  A jackal zombie (D:6)
  A quokka skeleton (D:5)
  A quokka zombie (D:9)
  11 rats
248 creatures vanquished.

Vanquished Creatures (others)
  17 fulminant prisms
  2 fungi (D:9)
  22 plants (D:9)
41 creatures vanquished.

Grand Total: 289 creatures vanquished

Notes
Turn   | Place    | Note
-------+----------+-------------------------------------------
     0 | D:1      | EiAlmux the Deep Elf Conjurer began the quest for the Orb.
     0 | D:1      | Reached XP level 1. HP: 10/10 MP: 6/6
   571 | D:1      | Reached XP level 2. HP: 15/15 MP: 6/8
   605 | D:1      | Learned a level 2 spell: Searing Ray
  1104 | D:2      | Reached skill level 5 in Conjurations
  1104 | D:2      | Reached XP level 3. HP: 15/19 MP: 7/10
  1571 | D:2      | Found a hazy altar of Hepliaklqana.
  1638 | D:2      | Found an opulent altar of Gozag.
  2040 | D:3      | Reached XP level 4. HP: 16/24 MP: 7/11
  2229 | D:3      | Found a hide-covered altar of Uskayaw.
  2325 | D:3      | Found a stormy altar of Qazlal.
  2325 | D:3      | Noticed Natasha
  2330 | D:3      | Killed Natasha
  2437 | D:3      | Became a worshipper of Qazlal Stormbringer
  2595 | D:3      | Noticed Natasha
  2598 | D:3      | Reached XP level 5. HP: 25/28 MP: 7/13
  2601 | D:3      | Killed Natasha
  3327 | D:3      | Learned a level 4 spell: Fulminant Prism
  3332 | D:3      | Learned a level 4 spell: Iskenderun's Mystic Blast
  3412 | D:4      | Reached * piety under Qazlal
  3422 | D:4      | Reached skill level 1 in Hexes
  3422 | D:4      | Reached XP level 6. HP: 32/32 MP: 5/15
  3484 | D:4      | Reached skill level 5 in Spellcasting
  3625 | D:4      | Noticed Sigmund
  3629 | D:4      | Killed Sigmund
  3643 | D:4      | Reached XP level 7. HP: 36/36 MP: 7/17
  3766 | D:4      | Found a staircase to the Ecumenical Temple.
  3841 | D:4      | Found an ornate altar of the Wu Jian Council.
  4192 | D:4      | Found an ancient bone altar of Kikubaaqudgha.
  4449 | D:5      | Entered Level 5 of the Dungeon
  4454 | D:5      | Reached skill level 1 in Invocations
  4914 | D:5      | Reached XP level 8. HP: 41/41 MP: 11/19
  5492 | D:6      | Found a glowing drain.
  5542 | Sewer    | Entered a sewer
  5561 | Sewer    | Noticed Purgy
  5566 | Sewer    | Killed Purgy
  5648 | Sewer    | Reached ** piety under Qazlal
  5929 | D:6      | Found a broken altar of Ashenzari.
  5940 | D:6      | Reached skill level 1 in Fighting
  6093 | D:6      | Reached skill level 1 in Translocations
  6480 | D:6      | Found a shimmering altar of Xom.
  6586 | D:6      | Found a sparkling altar of Nemelex Xobeh.
  6611 | D:6      | Found a shimmering blue altar of Sif Muna.
  6836 | D:7      | Noticed Menkaure
  6846 | D:7      | Killed Menkaure
  7178 | D:7      | Reached XP level 9. HP: 49/49 MP: 18/23
  7219 | D:7      | Found a shimmering blue altar of Sif Muna.
  7219 | D:7      | Found a radiant altar of Vehumet.
  7422 | D:7      | Found a sacrificial altar of Ru.
  7550 | D:7      | Found a glowing golden altar of the Shining One.
  7676 | D:7      | Found a basalt altar of Yredelemnul.
  7985 | D:8      | Found Zeinio's Magic Scroll Shoppe.
  7993 | D:8      | Bought a scroll of immolation for 49 gold pieces
  7993 | D:8      | Bought a scroll of amnesia for 49 gold pieces
  8171 | D:8      | Found Horph's Distillery.
  8176 | D:8      | Bought a potion of heal wounds for 70 gold pieces
  8176 | D:8      | Bought a potion of heal wounds for 70 gold pieces
  8176 | D:8      | Bought a potion of heal wounds for 70 gold pieces
  8274 | D:8      | Found a staircase to the Lair.
  8340 | D:8      | Found Jopoircho's General Store.
  8388 | D:8      | Noticed a troll
  8396 | D:8      | Killed a troll
  8527 | D:8      | Found Vummow's Antique Weapon Shop.
  8769 | D:8      | Found Wurchily's Armour Shop.
  8773 | D:8      | Bought a +0 cloak for 49 gold pieces
  9268 | D:9      | Reached skill level 10 in Spellcasting
  9268 | D:9      | Reached skill level 10 in Conjurations
  9304 | D:9      | Found a flagged portal.
  9335 | D:9      | Reached XP level 10. HP: 51/58 MP: 1/26
  9385 | D:9      | Reached *** piety under Qazlal
  9473 | Bailey   | Entered a bailey
 10039 | Bailey   | Noticed an orc knight
 10046 | Bailey   | Reached skill level 5 in Fighting
 10246 | D:9      | Killed an orc knight
 10828 | D:9      | Found Peukkish's Antique Armour Boutique.
 11062 | D:9      | Found a runed translucent door.
 11063 | D:9      | Identified the +7 trident of Chagrin {vorpal, *Slow rPois
                  | rF+}
 11063 | D:9      | Noticed LabCoat's ghost (novice HOFi)
 11179 | D:9      | Noticed Erica
 11190 | D:9      | Killed Erica
 11443 | D:10     | Entered Level 10 of the Dungeon
 11624 | D:10     | Reached skill level 5 in Dodging
 11712 | D:10     | Noticed a boulder beetle
 11723 | D:10     | Noticed a boulder beetle
 11724 | D:10     | Demolished by a boulder beetle

Illustrated notes

Levels and vault maps discovered:
D:1:      matt_arrival_refuge, layout_loops_ring, kennysheep_minor_cross
D:2:      layout_basic, lemuel_crystal_altar, nicolae_overflow_crystal_walls,
          hex_large, minmay_domino_4
D:3:      layout_loops_ring, general_overflow_altar, grunt_qazlal_sundering,
          minmay_misc_feat_ornament, chequers_serial_rivers_small_b,
          uniq_natasha
D:4:      layout_gridville, marbit_many_paths, old_standard_altar,
          minmay_temple_entry_glassed_door, minmay_goblin_kobold_house,
          uniq_sigmund
D:5:      layout_gridville
D:6:      layout_basic, lemuel_round_altar, ashenzari_altar_1,
          gup_sewer_entry_pipe, basic_altar, lemuel_blue_sif_altar
D:7:      layout_basic, tso_oasis_becter, yredelemnul_altar_generic,
          chequers_temple_overflow_statue_of_worship, nicolae_ru_path_of_blood,
          uniq_menkaure
D:8:      layout_loops_corners, lair_entry_dummy, serial_shops, shop, shop,
          nicolae_shop_trees, shop, nicolae_shop_crystal
D:9:      layout_loops_ring, serial_shops, shop, ebering_ghost_funeral_grove,
          enter_bailey_5, corner_web_ring, minmay_crystal_room, chequers_avenue,
          serial_bayou_pond_c, grunt_ministairs_1, uniq_erica
D:10:     minmay_the_grid_square_5x5_4x4
          [minmay_the_grid_square_5x5_checkered_statues,
          minmay_the_grid_square_5x5_longway,
          minmay_the_grid_square_5x5_hourglass,
          minmay_the_grid_square_5x5_eight_small,
          minmay_the_grid_square_5x5_doubleslash,
          minmay_the_grid_square_5x5_prize_waves,
          minmay_the_grid_square_5x5_prize_itemx,
          minmay_the_grid_square_5x5_fat_x,
          minmay_the_grid_square_5x5_checkered_sparse,
          minmay_the_grid_square_5x5_prize_junk,
          minmay_the_grid_square_5x5_prize_open, minmay_the_grid_square_5x5_tie,
          minmay_the_grid_square_5x5_bracketed,
          minmay_the_grid_square_5x5_tetrominoes,
          minmay_the_grid_square_5x5_spiral_small,
          minmay_the_grid_square_5x5_inner_z], layout_grid_maze, special_room
          [special_room_orc]

Skill      XL: |  1  2  3  4  5  6  7  8  9 10 |
---------------+-------------------------------+-----
Stealth        | 3 4 |  4.0
Conjurations   | 5 6 7 8 10 11 | 11.3
Spellcasting   | 4 5 6 8 10 11 | 11.9
Dodging        | 3 4 5 |  5.2
Hexes          | 1 2 4 |  4.0
Invocations    | 3 4 |  4.0
Fighting       | 2 4 5 |  5.0
Translocations | 2 |  2.0

Action                   |  1- 3 |  4- 6 |  7- 9 | 10-12 || total
-------------------------+-------+-------+-------+-------++-------
Melee: Short sword       |     5 |     1 |    14 |    56 ||    76
 Cast: Magic Dart        |    72 |    67 |   130 |    44 ||   313
       Searing Ray       |     2 |    14 |    59 |    29 ||   104
       Fulminant Prism   |       |     2 |    13 |     2 ||    17
       Iskenderun's Myst |       |       |     8 |     7 ||    15
Invok: Upheaval          |       |       |       |     1 ||     1
  Use: Scroll            |     1 |     7 |     8 |     5 ||    21
       Potion            |       |       |       |     1 ||     1
Armor: Robe              |     2 |     2 |     3 |       ||     7
       Troll leather arm |       |       |    10 |    24 ||    34
Dodge: Dodged            |     7 |    14 |    61 |    93 ||   175
Block: Other             |       |       |    12 |    22 ||    34

Table legend: (Time is in decaauts)
 A = Elapsed time spent in this place.
 B = Non-inter-level travel time spent in this place.
 C = Inter-level travel time spent in this place.
 D = Time resting spent in this place.
 E = Time spent auto-exploring this place.
 F = Levels seen in this place.
 G = Mean time per level.
                   A        B        C        D        E       F      G
               +--------+--------+--------+--------+--------+-----+--------+
         Total |  11784 |  11199 |    585 |   1108 |   8361 |  12 |  982.0 |
       Dungeon |  10906 |  10321 |    585 |    551 |   8201 |  10 | 1090.6 |
         Sewer |    299 |    299 |      0 |      0 |    160 |   1 |  299.0 |
        Bailey |    578 |    578 |      0 |    557 |      0 |   1 |  578.0 |
               +--------+--------+--------+--------+--------+-----+--------+

Top non-repeatable levels by time:
     D:9: 1571 daAuts
     D:8: 1432 daAuts
     D:3: 1387 daAuts
     D:6: 1101 daAuts
     D:7: 1099 daAuts
     D:1: 1088 daAuts
     D:4: 1059 daAuts
     D:5: 985 daAuts
     D:2: 916 daAuts
  Bailey: 578 daAuts
   Sewer: 299 daAuts
    D:10: 263 daAuts
